 Dungeon Crawl Stone Soup version 0.30-a0-305-g026cb31310 (webtiles) character file.

Game seed: 16703598372082895102

7326 ytrimaz the Fighter (level 10, -1/110 HPs)
             Began as a Troll Transmuter on Oct 21, 2022.
             Was an Initiate of Cheibriados.
             Slain by a killer bee (4 damage)
             ... on level 10 of the Dungeon.
             The game lasted 00:12:11 (8708 turns).

ytrimaz the Fighter (Troll Transmuter)              Turns: 8708, Time: 00:12:12

Health: -1/110     AC:  6    Str: 21    XL:     10   Next: 90%
Magic:  10/10      EV:  9    Int: 14    God:    Cheibriados [......]
Gold:   1758       SH:  0    Dex: 11    Spells: 3/11 levels left

rFire   . . .      SeeInvis .      - Unarmed
rCold   + . .      Faith    .    (no shield)
rNeg    . . .      Spirit   .    a - +1 robe
rPois   +          Reflect  .    v - +1 hat "Lusuec" {Fly rElec rC+ Slay+2}
rElec   +          Harm     .    (no cloak)
rCorr   .          Rampage  .    (gloves unavailable)
Will    .....                    (boots unavailable)
Stlth   +.........               x - amulet of the acrobat
HPRegen 1.18/turn                c - ring of poison resistance
MPRegen 0.12/turn                n - ring of wizardry

@: mighty, lethally poisoned (-1 -> -1), flying, very slow
A: large, unfitting armour, claws 3, regeneration 1, shaggy fur 1, tough skin 1
a: Renounce Religion


You were on level 10 of the Dungeon.
You worshipped Cheibriados.
Cheibriados was noncommittal.
You visited 2 branches of the dungeon, and saw 11 of its levels.

You collected 1758 gold pieces.


Innate Abilities, Weirdness & Mutations

You are too large for most types of armour.
You have claws for hands.
Your natural rate of healing is unusually fast.
You are covered in fur. (AC +1)
You have tough skin. (AC +1)


   Skills:
 - Level 10.0 Fighting
 - Level 1.5 Dodging
 - Level 10.0 Unarmed Combat
 - Level 1.2 Spellcasting
 + Level 4.2 Transmutations
 + Level 4.7 Earth Magic


You had 3 spell levels left.
You knew the following spells:

 Your Spells              Type           Power      Damage    Failure   Level
a - Statue Form           Tmut/Erth      8%         N/A       91%         6
b - Wereblood             Tmut           12%        N/A       2%          2

Your spell library contained the following spells:

 Spells                   Type           Power      Damage    Failure   Level
 Beastly Appendage        Tmut           24%        N/A       1%          1
 Summon Small Mammal      Summ           0%         N/A       11%         1
 Spider Form              Tmut/Pois      6%         N/A       13%         3
 Call Canine Familiar     Summ           0%         N/A       30%         3
 Hailstorm                Conj/Ice       0%         3d3       30%         3
 Summon Guardian Golem    Hex/Summ       0%         N/A       30%         3
 Leda's Liquefaction      Hex/Erth       3%         N/A       36%         4
 Ice Form                 Ice/Tmut       6%         N/A       38%         4
 Lee's Rapid Deconstruct  Erth           7%         3d6*      38%         5
 Simulacrum               Ice/Necr       0%         N/A       100%        6
 Orb of Destruction       Conj           0%         9d5       100%        7
 Spellforged Servitor     Conj/Summ      0%         N/A       100%        7

Inventory:

Hand Weapons
 e - the +3 Elemental Staff {rElec rF++ rC++ AC+5}
   (You acquired it on level 6 of the Dungeon)

   If the wielder is skilled in Evocations, they can discharge powerful blasts
   of elemental energy when striking with it.
   It enhances your fire, ice, earth and air magic.
   AC:        It affects your AC (+5).
   rF:        It greatly protects you from fire.
   rC:        It greatly protects you from cold.
   rElec:     It insulates you from electricity.
Missiles
 y - a throwing net
Armour
 a - a +1 robe (worn)
 v - the +1 hat "Lusuec" (worn) {Fly rElec rC+ Slay+2}
   (You acquired it on level 6 of the Dungeon)

   Slay:      It affects your accuracy & damage with ranged weapons and melee
   (+2).
   rC:        It protects you from cold.
   rElec:     It insulates you from electricity.
   Fly:       It grants you flight.
Jewellery
 c - a ring of poison resistance (left claw)
   (You found it on level 2 of the Dungeon)
 h - a ring of magical power
   (You found it on level 1 of the Dungeon)
 n - a ring of wizardry (right claw)
   (You found it on level 9 of the Dungeon)
 o - an amulet of magic regeneration
   (You found it on level 5 of the Dungeon)
 w - an amulet of guardian spirit
   (You found it on level 9 of the Dungeon)
 x - an amulet of the acrobat (around neck)
   (You found it on level 7 of the Dungeon)
 D - a ring of positive energy
   (You found it on level 8 of the Dungeon)
Wands
 j - a wand of flame (22)
   (You took it off Jessica on level 2 of the Dungeon)
 k - a wand of roots (17)
   (You took it off a hobgoblin on level 4 of the Dungeon)
 C - a wand of paralysis (6)
   (You found it on level 8 of the Dungeon)
 G - a wand of light (2)
   (You found it on level 9 of the Dungeon)
Scrolls
 b - a scroll of vulnerability
 d - 4 scrolls of teleportation
 p - a scroll of magic mapping
 s - a scroll of amnesia
 u - 3 scrolls of enchant weapon
 A - a scroll of torment
 B - a scroll of silence
 E - a scroll of noise
Potions
 i - 3 potions of brilliance
 l - 2 potions of attraction
 m - a potion of might
 q - a potion of ambrosia {unknown}
 r - a potion of mutation {unknown}
 t - 2 potions of flight
 z - a potion of resistance {unknown}
 F - a potion of haste {unknown}

Dungeon Overview and Level Annotations

Branches:
Dungeon (10/15) Zot: 40159  Temple (1/1) D:6 Zot: 8854    Lair (0/5) D:9
    Orc: D:9-12

Altars:
Ashenzari
Cheibriados
Dithmenos
Elyvilon
Fedhas
Gozag
Hepliaklqana
Kikubaaqudgha
Makhleb
Nemelex Xobeh
Okawaru
Qazlal
Ru
Sif Muna
Trog
Uskayaw
Vehumet
Wu Jian
Xom
Yredelemnul
Zin
The Shining One

Annotations:
D:3 2 runed translucent doors, Flanfartigan's ghost, amateur GnHs
D:10 Amaemon

#......s...#....
.#.....[g...#....
...#...)).##....
#....###...$....
#....(...s......
#.#.#####6#.....
##..#.### #.#.....
#..##...###.##....
#@## #..##.##....
###y# ##.##.##....
#.yy# #.##.##....
#.....###
#.6..#..#.. #....#
####...#### #....
#s....## ....#
#64s#... ###.
#.s##### #
######..#####


You could see 3 killer bees.


Message History

😨 HP[+2]
You regained 2 hp, and now have 63/165 hp.
The killer bee buzzes angrily. x2; You hear an angry buzzing noise.
The killer bee stings you.
* * * LOW HITPOINT WARNING * * *
A killer bee comes into view.
The killer bee stings you.
* * * LOW HITPOINT WARNING * * *
You hear an angry buzzing noise.
You hear a bellow! x2 😨 HP[-7]
You take 7 damage, and now have 56/165 hp.
Unknown command.
You closely miss the killer bee. You punch the killer bee.
The killer bee completely misses you.
The killer bee stings you but does no damage. 😨 HP[+1]
You barely miss the killer bee.
You feel less wooden.
The +1 hat "Lusuec" {Fly rElec rC+ Slay+2} unmelds from your body.
Your +1 robe unmelds from your body.
You fly up into the air.
The killer bee stings you.
* * * LOW HITPOINT WARNING * * *
The killer bee stings you!
* * * LOW HITPOINT WARNING * * *
The killer bee barely misses you. x2
Unknown command. 😨 HP[-28]
You now have 110 max hp (-55).
You barely miss the killer bee. The killer bee barely misses you. x3
The killer bee stings you.
* * * LOW HITPOINT WARNING * * *
😱 HP[-3]
You take 3 damage, and now have 26/110 hp.
You claw the killer bee! The killer bee stings you.
* * * LOW HITPOINT WARNING * * *
The killer bee stings you.
* * * LOW HITPOINT WARNING * * *
😱 HP[-1]
You take 1 damage, and now have 25/110 hp.
Unknown command.
Unknown command.
The killer bee attacks as you move away!
The killer bee stings you.
* * * LOW HITPOINT WARNING * * *
The killer bee barely misses you.
The killer bee closely misses you. 😱 HP[-2]
You take 2 damage, and now have 23/110 hp.
Unknown command.
The killer bee attacks as you move away!
The killer bee closely misses you.
The killer bee stings you but does no damage.
The killer bee stings you.
* * * LOW HITPOINT WARNING * * *
😱 HP[-4]
You take 4 damage, and now have 19/110 hp.
Unknown command.
You closely miss the killer bee.
Your attacks no longer feel as feeble.
The killer bee stings you but does no damage. 😱 HP[+1]
You miss the killer bee. The killer bee barely misses you.
The killer bee stings you.
* * * LOW HITPOINT WARNING * * *
😱 HP[-2]
You take 2 damage, and now have 18/110 hp.
Unknown command.
You closely miss the killer bee.
The killer bee stings you but does no damage. 😱 HP[+1] Unknown command.
You miss the killer bee. The killer bee stings you!
* * * LOW HITPOINT WARNING * * *
The killer bee stings you but does no damage. 😱 HP[-7]
You take 7 damage, and now have 12/110 hp.
Unknown command.
You feel very mighty all of a sudden. The killer bee stings you.
* * * LOW HITPOINT WARNING * * *
You are poisoned.
The killer bee poisons you! The killer bee stings you.
* * * LOW HITPOINT WARNING * * *
😱 HP[-2]
You take 2 damage, and now have 10/110 hp.
Unknown command.
You claw the killer bee!
You kill the killer bee!
Cheibriados thoroughly appreciates the change of pace.
You feel sick. The killer bee stings you.
* * * LOW HITPOINT WARNING * * *
😱 HP[-3]
You take 3 damage, and now have 7/110 hp.
Okay, then.
Unknown command.
You claw the killer bee!
You feel sick. The killer bee stings you.
* * * LOW HITPOINT WARNING * * *
😱 HP[-4]
You take 4 damage, and now have 3/110 hp.
You scratch the killer bee.
You feel sick. The killer bee stings you.
You die...

Skill      XL: |  1  2  3  4  5  6  7  8  9 10 |
---------------+-------------------------------+-----
Fighting       | 1 2 3 4 5 6 8 10 | 10.0
Unarmed Combat | 4 5 6 7 8 10 | 10.0
Earth Magic    | 4 |  4.7
Transmutations | 4 |  4.2
Dodging        | |  1.5
Spellcasting   | |  1.2

Action                   |  1- 3 |  4- 6 |  7- 9 | 10-12 || total
-------------------------+-------+-------+-------+-------++-------
Melee: Unarmed           |    87 |   186 |   263 |   138 ||   674
       Punch             |     2 |     1 |    10 |    13 ||    26
 Cast: Wereblood         |       |       |       |     1 ||     1
Evoke: Wand              |       |       |       |    12 ||    12
  Use: Scroll            |     4 |     4 |     8 |    10 ||    26
       Potion            |       |     2 |     2 |    11 ||    15
 Stab: Sleeping          |       |     1 |     1 |       ||     2
Armor: Robe              |    35 |    62 |    61 |    51 ||   209
       Skin              |       |       |       |     5 ||     5
Dodge: Dodged            |    37 |    72 |   111 |   172 ||   392

Levels and vault maps discovered:
D:1:      lemuel_arrival_river_ford, layout_loops_ring
D:2:      layout_basic, minmay_misc_feat_secret_circle,
          amcnicky_mini_rare_corridor_liquid, guppyfry_early_orc_mine,
          uniq_jessica
D:3:      layout_loops_ring, nicolae_overflow_crystal_walls,
          ebering_ghost_sewer_f, uniq_terence
D:4:      layout_basic, kennysheep_pointless_box
D:5:      layout_cave_pods, chequers_serial_rivers_micro_a,
          grunt_decor_resistance, st_stairs_11
D:6:      layout_basic, tso_oasis_becter, uniq_prince_ribbit1
D:7:      layout_basic, uniq_duvessa
D:8:      layout_loops_cross
D:9:      lemuel_ice_statue, layout_layer_cave,
          mainiacjoe_overflow_catwalk_spiral, david_lair_generic, centaur_isle
D:10:     layout_rooms, uniq_harold, uniq_amaemon
Temple:   dpeg_three_leaves_temple

Notes
Turn   | Place    | Note
-------+----------+-------------------------------------------
     0 | D:1      | ytrimaz the Troll Transmuter began the quest for the Orb.
     0 | D:1      | Reached XP level 1. HP: 18/18 MP: 1/1
     0 | D:1      | magus.rc [v1.9.6]
    58 | D:1      | Reached skill level 1 in Fighting
   384 | D:1      | Reached XP level 2. HP: 27/27 MP: 2/2
   512 | D:1      | You pick up a book of Dangerous Friends and begin
                  | reading...
   512 | D:1      | You add the spells Summon Guardian Golem, Orb of
                  | Destruction and Spellforged Servitor to your library.
   674 | D:1      | Identified a scroll of acquirement
   920 | D:2      | Reached skill level 2 in Fighting
   950 | D:2      | Reached XP level 3. HP: 32/35 MP: 3/3
  1285 | D:2      | Noticed Jessica
  1292 | D:2      | Killed Jessica
  1293 | D:2      | Reached XP level 4. HP: 42/44 MP: 4/4
  1675 | D:3      | Found a runed translucent door.
  1676 | D:3      | Noticed Flanfartigan's ghost (amateur GnHs)
  1676 | D:3      | Noticed a bullfrog
  1746 | D:3      | Noticed Terence
  1754 | D:3      | HP: 11/44 [Terence/+0 mace (2)]
  1757 | D:3      | Killed Terence
  1758 | D:3      | Reached skill level 3 in Fighting
  1934 | D:3      | Found a bloodstained altar of Trog.
  1945 | D:3      | Reached skill level 4 in Unarmed Combat
  2128 | D:3      | Identified the +9 mace "Hesofes" {protect, Drain Str+3
                  | Int+4 Stlth+}
  2289 | D:3      | Found a runed translucent door.
  2479 | D:4      | Reached XP level 5. HP: 40/53 MP: 5/5
  2669 | D:4      | Reached skill level 4 in Fighting
  2735 | D:4      | Reached XP level 6. HP: 32/62 MP: 6/6
  3197 | D:4      | HP: 15/63 [something (4)]
  3203 | D:4      | HP: 11/63 [something (2)]
  3208 | D:4      | Reached skill level 5 in Unarmed Combat
  3540 | D:5      | Entered Level 5 of the Dungeon
  3587 | D:5      | Reached skill level 5 in Fighting
  3657 | D:5      | Reached XP level 7. HP: 64/72 MP: 7/7
  3822 | D:5      | You pick up a book of Callings and begin reading...
  3822 | D:5      | You add the spells Summon Small Mammal and Call Canine
                  | Familiar to your library.
  3891 | D:5      | Reached skill level 6 in Fighting
  3909 | D:5      | Reached skill level 6 in Unarmed Combat
  3969 | D:5      | Reached XP level 8. HP: 43/84 MP: 8/8
  4461 | D:6      | Found a glowing golden altar of the Shining One.
  4533 | D:6      | Found a staircase to the Ecumenical Temple.
  4551 | Temple   | Entered the Ecumenical Temple
  4831 | D:6      | Noticed Prince Ribbit
  4839 | D:6      | Killed Prince Ribbit
  4840 | D:6      | Reached skill level 7 in Fighting
  4908 | D:6      | Acquired 511 gold pieces
  4912 | D:6      | Acquired the +1 hat "Lusuec" {Fly rElec rC+ Slay+2}
  4921 | D:6      | Acquired 733 gold pieces
  4925 | D:6      | Acquired the +3 Elemental Staff {rElec rF++ rC++ AC+5}
  4925 | D:6      | Found the +3 Elemental Staff {rElec rF++ rC++ AC+5}
  5017 | D:6      | Reached skill level 7 in Unarmed Combat
  5022 | D:6      | Learned a level 2 spell: Wereblood
  5322 | D:7      | You pick up a book of the Tundra and begin reading...
  5322 | D:7      | You add the spells Hailstorm and Simulacrum to your
                  | library.
  5345 | D:7      | Reached skill level 8 in Fighting
  5374 | D:7      | Reached XP level 9. HP: 82/96 MP: 9/9
  5495 | D:7      | Noticed Duvessa
  5496 | D:7      | Noticed Dowan
  5503 | D:7      | Killed Duvessa
  5509 | D:7      | Killed Dowan
  5878 | D:8      | HP: 17/97 [orc warrior/+0 glaive (23)]
  5883 | D:8      | Reached skill level 8 in Unarmed Combat
  6002 | D:8      | Reached skill level 9 in Fighting
  6088 | D:8      | HP: 16/95 [wight/+0 morningstar (10)]
  6305 | D:8      | You pick up a book of the Earth and begin reading...
  6305 | D:8      | You add the spells Leda's Liquefaction, Lee's Rapid
                  | Deconstruction and Statue Form to your library.
  6313 | D:8      | Learned a level 6 spell: Statue Form
  6396 | D:8      | HP: 25/101 [yak (13)]
  6522 | D:8      | Reached skill level 10 in Fighting
  6522 | D:8      | Reached XP level 10. HP: 106/110 MP: 10/10
  6564 | D:8      | Reached skill level 9 in Unarmed Combat
  6751 | D:9      | Found a hide-covered altar of Uskayaw.
  6758 | D:9      | Noticed a cyclops
  6876 | D:9      | HP: 24/106 [wight/+4 halberd of freezing (14)]
  6879 | D:9      | HP: 11/99 [wight/+4 halberd of freezing (1)]
  6880 | D:9      | Killed a cyclops
  6971 | D:9      | Found a snail-covered altar of Cheibriados.
  6975 | D:9      | Reached skill level 10 in Unarmed Combat
  7106 | D:9      | Reached skill level 1 in Earth Magic
  7108 | D:9      | Reached skill level 2 in Transmutations
  7222 | D:9      | Reached skill level 2 in Earth Magic
  7331 | D:9      | Reached skill level 3 in Transmutations
  7331 | D:9      | Reached skill level 3 in Earth Magic
  7400 | D:9      | Became a worshipper of Cheibriados the Contemplative
  7585 | D:9      | Noticed an elephant
  7586 | D:9      | Found a staircase to the Lair.
  7601 | D:9      | Killed an elephant
  7602 | D:9      | Reached skill level 4 in Earth Magic
  7638 | D:9      | Noticed an ice statue
  7654 | D:9      | Killed an ice statue
  7655 | D:9      | Reached skill level 4 in Transmutations
  7666 | D:9      | Identified the ring "Fuqo Boa" {Fire rElec Slay+4}
  8393 | D:10     | Entered Level 10 of the Dungeon
  8422 | D:10     | Noticed a gargoyle
  8457 | D:10     | Noticed Amaemon
  8464 | D:10     | HP: 23/110 [gnoll/+0 whip[a gnoll sergeant] (7)]
  8465 | D:10     | HP: 9/110 [constriction (4)]
  8466 | D:10     | Noticed an orange demon
  8466 | D:10     | HP: 4/110 [gnoll/+0 spear[a gnoll sergeant] (5)]
  8648 | D:10     | HP: 22/110 [constriction (10)]
  8659 | D:10     | HP: 34/165 [troll (9)]
  8697 | D:10     | HP: 26/110 [killer bee (4)]
  8702 | D:10     | HP: 18/110 [killer bee (3)]
  8706 | D:10     | HP: 7/110 [killer bee (2)]
  8707 | D:10     | HP: 3/110 [killer bee (4)]
  8708 | D:10     | Slain by a killer bee

Vanquished Creatures
  An elephant (D:9)
  An ice statue (D:9)
  A troll (D:10)
  Prince Ribbit (D:6)
  A wyvern (D:9)
  2 wraiths (D:9)
  4 yaks (D:8)
  A steam dragon (D:9)
  A water moccasin (D:7)
  Duvessa (D:7)
  3 orc warriors
  6 black bears
  2 ice beasts (D:7)
  3 ogres
  10 centaurs
  2 kobold brigands
  4 bullfrogs
  2 gnoll sergeants
  3 scorpions
  8 wights
  Dowan (D:7)
  A killer bee (D:10)
  4 howler monkeys
  4 hounds
  2 jellies
  4 orc priests
  Jessica (D:2)
  2 iguanas (D:5)
  Terence (D:3)
  2 gnoll boudas
  11 orc wizards
  18 gnolls
  3 adders
  3 white imps
  3 ufetubi (D:5)
  38 orcs
  2 bats (D:3)
  2 endoplasms
  3 giant cockroaches
  9 goblins
  8 hobgoblins
  7 jackals
  2 quokkas
  13 ball pythons
  A frilled lizard (D:3)
  7 kobolds
  3 rats
212 creatures vanquished.

Vanquished Creatures (collateral kills)
  A cyclops (D:9)
  A wight (D:9)
2 creatures vanquished.

Grand Total: 214 creatures vanquished

Table legend:
 A = Non-vault XP
 B = Vault XP
 C = Vault XP percentage of total XP
 D = Non-vault monster count
 E = Vault monster count
 F = Vault count percentage of total count
                 A         B        C        D         E       F
            +---------+---------+-------+---------+---------+-------
      Total |    7643 |    2823 |  27.0 |     187 |      27 |  12.6
            +---------+---------+-------+---------+---------+-------
        D:1 |      19 |       0 |   0.0 |      12 |       0 |   0.0
        D:2 |      46 |      54 |  54.0 |      14 |       8 |  36.4
        D:3 |      32 |      36 |  52.9 |      16 |       1 |   5.9
        D:4 |     450 |       0 |   0.0 |      30 |       0 |   0.0
        D:5 |     791 |     153 |  16.2 |      18 |       4 |  18.2
        D:6 |     496 |     277 |  35.8 |      18 |       1 |   5.3
        D:7 |    1081 |     212 |  16.4 |      19 |       2 |   9.5
        D:8 |    2000 |       0 |   0.0 |      21 |       0 |   0.0
        D:9 |    2267 |    2091 |  48.0 |      34 |      11 |  24.4
       D:10 |     461 |       0 |   0.0 |       5 |       0 |   0.0
            +---------+---------+-------+---------+---------+-------

Illustrated notes

Table legend:
 A = Kills in this place as a percentage of kills in entire the game.
 B = Kills by you in this place as a percentage of kills by you in the entire game.
 C = Kills by friends in this place as a percentage of kills by friends in the entire game.
 D = Other kills in this place as a percentage of other kills in the entire game.
 E = Experience gained in this place as a percentage of experience gained in the entire game.
 F = Experience gained in this place divided by the number of levels of this place that you have seen.
                   A       B       C       D       E      F
               +-------+-------+-------+-------+-------+----------------------
         Total | 100.0 | 100.0 | 100.0 |   N/A | 100.0 | 951.5
       Dungeon | 100.0 | 100.0 | 100.0 |   N/A | 100.0 | 1046.6
               +-------+-------+-------+-------+-------+----------------------

Table legend: (Time is in decaauts)
 A = Elapsed time spent in this place.
 B = Non-inter-level travel time spent in this place.
 C = Inter-level travel time spent in this place.
 D = Time resting spent in this place.
 E = Time spent auto-exploring this place.
 F = Levels seen in this place.
 G = Mean time per level.
                   A        B        C        D        E       F      G
               +--------+--------+--------+--------+--------+-----+--------+
         Total |   8943 |   8500 |    443 |    271 |   6646 |  11 |  813.0 |
       Dungeon |   8846 |   8417 |    429 |    271 |   6571 |  10 |  884.6 |
        Temple |     96 |     82 |     14 |      0 |     75 |   1 |   96.0 |
               +--------+--------+--------+--------+--------+-----+--------+

Top non-repeatable levels by time:
     D:9: 1957 daAuts
     D:4: 1092 daAuts
     D:8: 974 daAuts
     D:5: 848 daAuts
     D:2: 840 daAuts
     D:3: 805 daAuts
     D:6: 791 daAuts
     D:1: 787 daAuts
     D:7: 560 daAuts
    D:10: 188 daAuts
  Temple: 96 daAuts
